PAAA
TORTOLITA DRUMMERS @ PHOENIX HOTSPUR RESERVES
08/23/2019
 
TOP OF THE 1ST
Tortolita Drummers batting - Pitching for Phoenix Hotspur Reserves : RHP Cory Sanders
Pitching: RHP Cory Sanders
Batting: RHB Hunter Curtis 0-0: Called Strike
0-1: Ball
1-1: Ball
2-1: SINGLE (Groundball, 34D)
Batting: SHB Dan Godwin 0-0: Ball
1-0: Called Strike
1-1: Swinging Strike
1-2: Strikes out swinging
Batting: LHB Orlando Trevino 0-0: Ball
1-0: Ball
2-0: Ball
3-0: Base on Balls
Hunter Curtis to second
Batting: RHB Joey Morgan 0-0: Ball
1-0: Called Strike
1-1: SINGLE (Groundball, 6MD)
Hunter Curtis to third
Orlando Trevino to second
Batting: LHB Pat McJannett 0-0: Ball
1-0: DOUBLE (Line Drive, 7LD)
Hunter Curtis scores
Orlando Trevino scores
Joey Morgan to third
Runner from 3rd tries for Home, SAFE, throw made at trailing runner, SAFE at third!
Batting: RHB Jim Harris 0-0: Called Strike
0-1: Ball
1-1: Ball
2-1: Fly out, F8 (Flyball, 8RM)
Runner from 3rd tags up, SCORES, throw made
Batting: SHB Vernon Thomas 0-0: Fly out, F4 (Popup, 34D)
Top of the 1st over - 4 run(s), 3 hit(s), 0 error(s), 0 left on base; Tortolita 4 - Phoenix 0
BOTTOM OF THE 1ST
Phoenix Hotspur Reserves batting - Pitching for Tortolita Drummers : RHP Tim Nelson
Pitching: RHP Tim Nelson
Batting: RHB Greg Griffin 0-0: Ground out 1-3 (Groundball, 3S)
Batting: LHB Alberto Torres 0-0: Ball
1-0: SINGLE (Line Drive, 6M)
Batting: RHB António Ramos 0-0: Ball
1-0: Swinging Strike
1-1: Foul Ball, location: 2F
1-2: Foul Ball, location: 2F
1-2: Ball
2-2: SINGLE (Line Drive, 9S)
Alberto Torres to second
Batting: LHB Edgardo Téllez 0-0: Called Strike
0-1: Ball
1-1: Foul Ball, location: 2F
1-2: Strikes out swinging
Batting: SHB Ricardo Vargo 0-0: Foul Ball, location: 2F
0-1: Foul Ball, location: 2F
0-2: Ball
1-2: Ball
2-2: Ball
3-2: Ground out 4-3 (Groundball, 4)
Bottom of the 1st over - 0 run(s), 2 hit(s), 0 error(s), 2 left on base; Tortolita 4 - Phoenix 0
TOP OF THE 2ND
Tortolita Drummers batting - Pitching for Phoenix Hotspur Reserves : RHP Cory Sanders
Batting: RHB Richard Ollivier 0-0: Ball
1-0: Called Strike
1-1: Ball
2-1: Ball
3-1: Base on Balls
Batting: RHB Ray Whittier 0-0: Ball
1-0: Called Strike
1-1: Called Strike
1-2: Strikes out swinging
Batting: RHB Hunter Curtis 0-0: Foul Ball, location: 2F
0-1: Swinging Strike
0-2: Ball
1-2: Strikes out looking
Batting: SHB Dan Godwin 0-0: Ball
1-0: Foul Ball, location: 2F
1-1: Ball
2-1: Foul Ball, location: 2F
2-2: DOUBLE (Line Drive, 9LM)
Richard Ollivier to third
Batting: LHB Orlando Trevino 0-0: Ball
1-0: Ball
2-0: Ball
3-0: Base on Balls
Batting: RHB Joey Morgan 0-0: Called Strike
0-1: Called Strike
0-2: DOUBLE (Flyball, 78M)
Richard Ollivier scores
Dan Godwin scores
Orlando Trevino to third
Runner from 3rd tries for Home, throw and OUT!
Top of the 2nd over - 2 run(s), 2 hit(s), 0 error(s), 1 left on base; Tortolita 6 - Phoenix 0
BOTTOM OF THE 2ND
Phoenix Hotspur Reserves batting - Pitching for Tortolita Drummers : RHP Tim Nelson
Batting: RHB Jaime Chavarriaga 0-0: SOLO HOME RUN (Flyball, 7LD), Distance : 363 ft
Batting: RHB Richard Moss 0-0: Ball
1-0: Called Strike
1-1: Ball
2-1: SINGLE (Line Drive, 56D)
Batting: RHB Bob McNeil 0-0: Ball
1-0: Ball
2-0: Grounds into double play, 6-4-3 (Groundball, 6)
Batting: RHB Nick Reed 0-0: Foul Ball, location: 2F
0-1: Ball
1-1: Ball
2-1: Ball
3-1: Base on Balls
Batting: RHB Greg Griffin 0-0: Ball
Nick Reed steals 2nd base
1-0: Foul Ball, location: 2F
1-1: Ball
2-1: Foul Ball, location: 2F
2-2: Foul Ball, location: 2F
2-2: Fly out, F8 (Flyball, 89XD)
Bottom of the 2nd over - 1 run(s), 2 hit(s), 0 error(s), 1 left on base; Tortolita 6 - Phoenix 1
TOP OF THE 3RD
Tortolita Drummers batting - Pitching for Phoenix Hotspur Reserves : RHP Cory Sanders
Batting: LHB Pat McJannett 0-0: SOLO HOME RUN (Flyball, 89XD), Distance : 424 ft
Pitching: RHP Juan Lópes
Batting: RHB Jim Harris 0-0: Ball
1-0: Ball
2-0: Fly out, F9 (Flyball, 89M)
Batting: SHB Vernon Thomas 0-0: Called Strike
0-1: Foul Ball, location: 2F
0-2: Strikes out swinging
Batting: RHB Richard Ollivier 0-0: Called Strike
0-1: Ball
1-1: Fly out, F8 (Flyball, 8RS)
Top of the 3rd over - 1 run(s), 1 hit(s), 0 error(s), 0 left on base; Tortolita 7 - Phoenix 1
BOTTOM OF THE 3RD
Phoenix Hotspur Reserves batting - Pitching for Tortolita Drummers : RHP Tim Nelson
Batting: LHB Alberto Torres 0-0: SINGLE (Flyball, 7S)
Batting: RHB António Ramos 0-0: Ball
1-0: Called Strike
1-1: Called Strike
1-2: 2-RUN HOME RUN (Flyball, 78XD), Distance : 426 ft
Batting: LHB Edgardo Téllez 0-0: Ground out 1-3 (Groundball, 13)
Batting: SHB Ricardo Vargo 0-0: Ground out 4-3 (Groundball, 13)
Batting: RHB Jaime Chavarriaga 0-0: Ball
1-0: Called Strike
1-1: Ground out 4-3 (Groundball, 4)
Bottom of the 3rd over - 2 run(s), 2 hit(s), 0 error(s), 0 left on base; Tortolita 7 - Phoenix 3
TOP OF THE 4TH
Tortolita Drummers batting - Pitching for Phoenix Hotspur Reserves : RHP Juan Lópes
Batting: RHB Ray Whittier 0-0: Ball
1-0: SINGLE (Groundball, 56D)
Batting: RHB Hunter Curtis 0-0: Called Strike
0-1: Ball
1-1: Ball
2-1: Ball
3-1: Base on Balls
Ray Whittier to second
Batting: SHB Dan Godwin 0-0: Swinging Strike
0-1: DOUBLE (Line Drive, 7LM)
Ray Whittier scores
Hunter Curtis to third
Batting: LHB Orlando Trevino 0-0: Foul Ball, location: 2F
0-1: Ball
1-1: Called Strike
1-2: Strikes out looking
Batting: RHB Joey Morgan 0-0: Ball
1-0: Ball
2-0: Fly out, F9 (Flyball, 9M)
Runner from 3rd tags up, OUT at HOME
Top of the 4th over - 1 run(s), 2 hit(s), 0 error(s), 1 left on base; Tortolita 8 - Phoenix 3
BOTTOM OF THE 4TH
Phoenix Hotspur Reserves batting - Pitching for Tortolita Drummers : RHP Tim Nelson
Batting: RHB Richard Moss 0-0: Ball
1-0: Ball
2-0: Fly out, F3 (Popup, 3DF)
Batting: RHB Bob McNeil 0-0: SOLO HOME RUN (Flyball, 7D), Distance : 400 ft
Batting: RHB Nick Reed 0-0: Called Strike
0-1: Called Strike
0-2: Ball
1-2: Strikes out looking
Batting: RHB Greg Griffin 0-0: Ball
1-0: Called Strike
1-1: Ball
2-1: Ball
3-1: SOLO HOME RUN (Flyball, 78XD), Distance : 420 ft
Batting: LHB Alberto Torres 0-0: Foul Ball, location: 2F
0-1: Called Strike
0-2: Ball
1-2: DOUBLE (Groundball, 5L)
Batting: RHB António Ramos 0-0: Ball
1-0: SINGLE (Groundball, 25) (infield hit)
Alberto Torres to third
Batting: LHB Edgardo Téllez 0-0: Foul Ball, location: 2F
0-1: Foul Ball, location: 2F
0-2: Ball
1-2: Ball
2-2: Foul Ball, location: 2F
2-2: Ball
3-2: Strikes out swinging
Bottom of the 4th over - 2 run(s), 4 hit(s), 0 error(s), 2 left on base; Tortolita 8 - Phoenix 5
TOP OF THE 5TH
Tortolita Drummers batting - Pitching for Phoenix Hotspur Reserves : RHP Juan Lópes
Batting: LHB Pat McJannett 0-0: Foul Ball, location: 2F
0-1: Ball
1-1: Foul Ball, location: 2F
1-2: Ball
2-2: Foul Ball, location: 2F
2-2: Strikes out looking
Batting: RHB Jim Harris 0-0: Called Strike
0-1: Foul Ball, location: 2F
0-2: Strikes out swinging
Batting: SHB Vernon Thomas 0-0: Ball
1-0: Ball
2-0: Foul Ball, location: 2F
2-1: Ball
3-1: Called Strike
3-2: Strikes out looking
Top of the 5th over - 0 run(s), 0 hit(s), 0 error(s), 0 left on base; Tortolita 8 - Phoenix 5
BOTTOM OF THE 5TH
Phoenix Hotspur Reserves batting - Pitching for Tortolita Drummers : RHP Tim Nelson
Batting: SHB Ricardo Vargo 0-0: Fly out, F6 (Popup, 56D)
Batting: RHB Jaime Chavarriaga 0-0: Ball
1-0: Ground out 5-3 (Groundball, 56S)
Batting: RHB Richard Moss 0-0: Ball
1-0: Called Strike
1-1: Ball
2-1: Called Strike
2-2: Foul Ball, location: 2F
2-2: Strikes out swinging
Bottom of the 5th over - 0 run(s), 0 hit(s), 0 error(s), 0 left on base; Tortolita 8 - Phoenix 5
TOP OF THE 6TH
Tortolita Drummers batting - Pitching for Phoenix Hotspur Reserves : RHP Juan Lópes
Batting: RHB Richard Ollivier 0-0: Ball
1-0: Called Strike
1-1: Called Strike
1-2: Strikes out looking
Batting: RHB Ray Whittier 0-0: Called Strike
0-1: Ball
1-1: Ball
2-1: Ground out 4-3 (Groundball, 4)
Batting: RHB Hunter Curtis 0-0: Called Strike
0-1: SINGLE (Line Drive, 34D)
Batting: SHB Dan Godwin 0-0: Ball
1-0: Called Strike
1-1: Swinging Strike
1-2: Ball
2-2: Foul Ball, location: 2F
2-2: Strikes out swinging
Top of the 6th over - 0 run(s), 1 hit(s), 0 error(s), 1 left on base; Tortolita 8 - Phoenix 5
BOTTOM OF THE 6TH
Phoenix Hotspur Reserves batting - Pitching for Tortolita Drummers : RHP Tim Nelson
Batting: RHB Bob McNeil 0-0: Ball
1-0: Foul Ball, location: 2F
1-1: Ball
2-1: Swinging Strike
2-2: Foul Ball, location: 2F
2-2: Ground out 6-3 (Groundball, 6)
Batting: RHB Nick Reed 0-0: Swinging Strike
0-1: Ground out 4-3 (Groundball, 34)
Batting: RHB Greg Griffin 0-0: Called Strike
0-1: Ground out 4-3 (Groundball, 4M)
Bottom of the 6th over - 0 run(s), 0 hit(s), 0 error(s), 0 left on base; Tortolita 8 - Phoenix 5
TOP OF THE 7TH
Tortolita Drummers batting - Pitching for Phoenix Hotspur Reserves : RHP Juan Lópes
Pitching: RHP Robert Dickinson
Batting: LHB Orlando Trevino 0-0: Ball
1-0: Called Strike
1-1: Called Strike
1-2: Foul Ball, location: 2F
1-2: Ball
2-2: Fly out, F5 (Popup, 5F)
Batting: RHB Joey Morgan 0-0: Ball
1-0: Called Strike
1-1: Foul Ball, location: 2F
1-2: Strikes out looking
Batting: LHB Pat McJannett 0-0: Called Strike
0-1: Foul Ball, location: 2F
0-2: Ball
1-2: Ball
2-2: Ball
3-2: Strikes out swinging
Top of the 7th over - 0 run(s), 0 hit(s), 0 error(s), 0 left on base; Tortolita 8 - Phoenix 5
BOTTOM OF THE 7TH
Phoenix Hotspur Reserves batting - Pitching for Tortolita Drummers : RHP Tim Nelson
Batting: LHB Alberto Torres 0-0: Ball
1-0: Fly out, F7 (Flyball, 78M)
Batting: RHB António Ramos 0-0: Swinging Strike
0-1: SINGLE (Groundball, 5L)
Batting: LHB Edgardo Téllez 0-0: Called Strike
0-1: Foul Ball, location: 2F
0-2: Strikes out swinging
Batting: SHB Ricardo Vargo 0-0: Ball
1-0: Swinging Strike
1-1: Swinging Strike
1-2: Ball
2-2: Ball
3-2: Strikes out swinging
Bottom of the 7th over - 0 run(s), 1 hit(s), 0 error(s), 1 left on base; Tortolita 8 - Phoenix 5
TOP OF THE 8TH
Tortolita Drummers batting - Pitching for Phoenix Hotspur Reserves : RHP Robert Dickinson
Batting: RHB Jim Harris 0-0: Called Strike
0-1: Ball
1-1: Ball
2-1: Fly out, F8 (Flyball, 8LM)
Batting: SHB Vernon Thomas 0-0: Called Strike
0-1: Foul Ball, location: 2F
0-2: Foul Ball, location: 2F
0-2: Ball
1-2: Ball
2-2: Ball
3-2: Base on Balls
Batting: RHB Richard Ollivier 0-0: Swinging Strike
0-1: Ground out 1-3 (Groundball, 13S)
Vernon Thomas to second
Batting: RHB Ray Whittier 0-0: Foul Ball, location: 2F
0-1: Foul Ball, location: 2F
0-2: Ball
1-2: Ball
2-2: Fly out, F9 (Flyball, 9S)
Top of the 8th over - 0 run(s), 0 hit(s), 0 error(s), 1 left on base; Tortolita 8 - Phoenix 5
BOTTOM OF THE 8TH
Phoenix Hotspur Reserves batting - Pitching for Tortolita Drummers : RHP Tim Nelson
Batting: RHB Jaime Chavarriaga 0-0: Fly out, F9 (Flyball, 89D)
Batting: RHB Richard Moss 0-0: Called Strike
0-1: SINGLE (Groundball, 5L)
Batting: RHB Bob McNeil 0-0: Swinging Strike
0-1: Foul Ball, location: 2F
0-2: SINGLE (Line Drive, 89S)
Richard Moss to second
Pitching: LHP Parker Cooke
Batting: RHB Nick Reed 0-0: Called Strike
0-1: DOUBLE (Flyball, 89M)
Richard Moss scores
Bob McNeil to third
Pitching: RHP Luis Gonzáles
Pinch Hitting: LHB Roger Shaffer 0-0: Ball
1-0: Ball
2-0: Ground out 4-3 (Groundball, 34)
Bob McNeil scores
Nick Reed to third
Pitching: LHP Dana Hennessey
Pinch Hitting: RHB Rich Norman 0-0: Fly out, F8 (Flyball, 8LS)
Bottom of the 8th over - 2 run(s), 3 hit(s), 0 error(s), 1 left on base; Tortolita 8 - Phoenix 7
TOP OF THE 9TH
Tortolita Drummers batting - Pitching for Phoenix Hotspur Reserves : RHP Robert Dickinson
Pitching: LHP Henry Simpson
Now at 1B: Roger Shaffer
Now at 2B: Rich Norman
Batting: RHB Hunter Curtis 0-0: Ground out 5-3 (Groundball, 56)
Batting: SHB Dan Godwin 0-0: Swinging Strike
0-1: Called Strike
0-2: Ball
1-2: Ball
2-2: Strikes out swinging
Batting: LHB Orlando Trevino 0-0: Ball
1-0: SINGLE (Line Drive, 56D)
Pinch Hitting: SHB Yosuke Kiyomizu 0-0: Ball
1-0: Called Strike
1-1: Fly out, F8 (Flyball, 8RD)
Top of the 9th over - 0 run(s), 1 hit(s), 0 error(s), 1 left on base; Tortolita 8 - Phoenix 7
BOTTOM OF THE 9TH
Phoenix Hotspur Reserves batting - Pitching for Tortolita Drummers : LHP Dana Hennessey
Pitching: LHP Ron Anderson
Now at 1B: Yosuke Kiyomizu
Batting: RHB António Ramos 0-0: Ball
1-0: Foul Ball, location: 2F
1-1: Swinging Strike
1-2: Ball
2-2: Strikes out looking
Pinch Hitting: RHB Reed Hanson 0-0: Swinging Strike
0-1: Ball
1-1: Fly out, F8 (Flyball, 8LM)
Pinch Hitting: SHB John Jenkins 0-0: Called Strike
0-1: Ball
1-1: Ground out 5-3 (Groundball, 56)
Bottom of the 9th over - 0 run(s), 0 hit(s), 0 error(s), 0 left on base; Tortolita 8 - Phoenix 7
This league is powered by Out of the Park Baseball, the baseball management simulation game for PC, Mac and Linux
Saturday, July 25th, 2015 - OOTP Baseball 15.6 Build 34